 Dungeon Crawl Stone Soup version 0.20.1-1-g8b1a95d (webtiles) character file.

137 raph the Grave Robber (level 5, -5/38 HPs)
             Began as a Hill Orc Necromancer on Sept 30, 2017.
             Was an Initiate of Beogh.
             Slain by a sky beast (6 damage)
             ... on level 3 of the Dungeon.
             The game lasted 00:08:19 (3625 turns).

raph the Grave Robber (Hill Orc Necromancer)        Turns: 3625, Time: 00:08:19

Health: -5/38      AC:  3    Str: 11    XL:     5   Next: 20%
Magic:  0/8        EV: 12    Int: 21    God:    Beogh [......]
Gold:   182        SH:  0    Dex: 11    Spells: 0/8 levels left

rFire    . . .     SeeInvis .   b - +0 hand axe (flame)
rCold    . . .     Gourm    .   (no shield)
rNeg     . . .     Faith    .   k - +0 leather armour
rPois    .         Spirit   .   (no helmet)
rElec    .         Reflect  .   (no cloak)
rCorr    .         Harm     .   (no gloves)
MR       .....                  (no boots)
Stlth    ++........             (no amulet)
Regen    1.2/turn               x - +5 ring of intelligence
MPRegen  0.2/turn               (no ring)

@: regenerating
A: no striking features
a: Renounce Religion


You were on level 3 of the Dungeon.
You worshipped Beogh.
Beogh was noncommittal.
You were hungry.

You visited 1 branch of the dungeon, and saw 3 of its levels.

You collected 182 gold pieces.

Inventory:

Hand Weapons
 a - a +3 war axe of chopping
 b - a +0 hand axe of flaming (weapon)
Missiles
 v - a poisoned tomahawk (quivered)
Armour
 k - a +0 leather armour (worn)
 w - a +0 robe
Jewellery
 x - a +5 ring of intelligence (left hand)
Scrolls
 e - a scroll of remove curse
 f - 3 scrolls of teleportation {unknown}
 g - 2 scrolls of amnesia {unknown}
 h - 3 scrolls of identify {unknown}
 j - 2 scrolls of immolation {unknown}
 m - a scroll of blinking {unknown}
 n - a scroll of noise {unknown}
 o - 3 scrolls of recharging {unknown}
 t - 4 scrolls of enchant armour {unknown}
Potions
 i - a potion of lignification {unknown}
 p - 2 potions of agility {unknown}
 q - a potion of heal wounds {unknown}
 z - a potion of resistance {unknown}
Books
 s - a book of Necromancy

   Spells                             Type                      Level
   a - Pain                           Necromancy                   1
   b - Animate Skeleton               Necromancy                   1
   c - Vampiric Draining              Necromancy                   3
   d - Regeneration                   Charms/Necromancy            3
   e - Animate Dead                   Necromancy                   4
   f - Control Undead                 Necromancy                   4
Comestibles
 c - a bread ration
 u - 2 fruits
 A - 3 chunks of flesh


   Skills:
 + Level 0.2 Fighting
 + Level 0.3 Axes
 + Level 0.2 Armour
 - Level 2.3 Dodging
 - Level 2.3 Stealth
 + Level 2.1 Spellcasting
 * Level 5.0 Necromancy
 + Level 0.6 Invocations


You couldn't memorise any spells.
You knew the following spells:

 Your Spells              Type           Power        Failure   Level  Hunger
a - Pain                  Necr           ###.         2%          1    #......
b - Animate Skeleton      Necr           N/A          2%          1    #......
c - Regeneration          Chrm/Necr      ##........   21%         3    ###....
d - Vampiric Draining     Necr           ###.......   8%          3    ###....


Dungeon Overview and Level Annotations

Branches:
Dungeon (3/15)

Altars:
Kikubaaqudgha
Nemelex Xobeh
Trog


Message History

Casting: Pain
Confirm with . or Enter, or press ? or * to list all spells.
Aiming: Pain
Press: ? - help, Shift-Dir - straight line, f/p - sky beast
Aim: a sky beast (heavily wounded, chance to defeat MR: 83%)
The sky beast writhes in agony!
You are feeling hungry.
The sky beast closely misses you.
Casting: Pain
Confirm with . or Enter, or press ? or * to list all spells.
Aiming: Pain
Press: ? - help, Shift-Dir - straight line, f/p - sky beast
Aim: a sky beast (almost dead, chance to defeat MR: 83%)
The sky beast barely resists.
The sky beast misses you.
Casting: Pain
Confirm with . or Enter, or press ? or * to list all spells.
Your skin crawls.
The sky beast hits you.
* * * LOW HITPOINT WARNING * * *
The sky beast shocks you.
You die...

#.##.##.##.....######.##
#.##.##.#..............##
#.......................#
#)##.##.#..Z....#####...#
#.##.##.#......## ###...########
#...[...#.#....# ##............#
####.####.####.###.#.#.#######Z#
##.####.#....##.###..#.#####.#
#...)....[..)@Y## ##..........
####..####.#.###.#.###.##.####..#
..Z........#.###.#..#Z.##.#....>#
####.................#Z##.#.##.##
# #.#####.#.###.#.###.##.#.##.# #
#.# #.........###Z##.#.##.# # #.#
#...............Z..##.# # #.#
#####.#.#####..######.. #
#.########....# #..# ###


You could see a sky beast and a friendly goblin skeleton.

Vanquished Creatures
  An orc wizard (D:2)
  3 adders
  An ooze (D:3)
  2 worms
  3 dart slugs
  2 leopard geckos (D:3)
  9 orcs (D:3)
  3 bats
  2 giant cockroaches (D:2)
  12 goblins
  3 hobgoblins
  3 kobolds
  2 ball pythons (D:1)
  4 frilled lizards
  6 rats
56 creatures vanquished.

Vanquished Creatures (collateral kills)
  An orc (D:3)
1 creature vanquished.

Vanquished Creatures (others)
  An orc priest (D:3)
  A leopard gecko (D:3)
  4 orcs (D:3)
  A bat (D:3)
  A hobgoblin (D:3)
  A rat (D:3)
9 creatures vanquished.

Grand Total: 66 creatures vanquished

Notes
Turn   | Place    | Note
-------+----------+-------------------------------------------
     0 | D:1      | raph the Hill Orc Necromancer began the quest for the Orb.
     0 | D:1      | Reached XP level 1. HP: 14/14 MP: 3/3
   181 | D:1      | Learned a level 1 spell: Animate Skeleton
   555 | D:1      | Reached XP level 2. HP: 11/20 MP: 0/4
  1430 | D:2      | Reached XP level 3. HP: 24/26 MP: 2/5
  1460 | D:2      | Learned a level 3 spell: Regeneration
  2373 | D:2      | Reached XP level 4. HP: 33/33 MP: 3/6
  2557 | D:3      | Became a worshipper of Beogh the Brigand
  3169 | D:3      | Found a sparkling altar of Nemelex Xobeh.
  3173 | D:3      | Found an ancient bone altar of Kikubaaqudgha.
  3178 | D:3      | Found a bloodstained altar of Trog.
  3328 | D:3      | Reached XP level 5. HP: 37/38 MP: 6/8
  3337 | D:3      | Learned a level 3 spell: Vampiric Draining
  3496 | D:3      | Reached skill level 5 in Necromancy
  3614 | D:3      | Noticed a sky beast
  3625 | D:3      | HP: 1/38 [sky beast (2)]
  3625 | D:3      | Slain by a sky beast

Skill      XL: |  1  2  3  4  5 |
---------------+----------------+-----
Stealth        | 2 |  2.3
Dodging        | 2 |  2.3
Spellcasting   | 2 |  2.1
Necromancy     | 5 |  5.0
Fighting       | |  0.2
Axes           | |  0.3
Armour         | |  0.2
Invocations    | |  0.6

Action                   |  1- 3 |  4- 6 || total
-------------------------+-------+-------++-------
Melee: Unarmed           |     3 |       ||     3
       Mace              |     2 |       ||     2
       Dagger            |     7 |    23 ||    30
       War axe           |       |    17 ||    17
       Hand axe          |       |     1 ||     1
Throw: Tomahawk          |       |     1 ||     1
 Cast: Pain              |    52 |    45 ||    97
       Animate Skeleton  |     8 |     9 ||    17
       Regeneration      |       |     1 ||     1
Invok: Convert to Beogh  |       |     1 ||     1
  Use: Scroll            |       |     2 ||     2
 Stab: Sleeping          |       |     1 ||     1
  Eat: Chunk             |     5 |     5 ||    10
Armor: Robe              |     1 |       ||     1
       Leather armour    |       |     9 ||     9
Dodge: Dodged            |     8 |    39 ||    47
